 Dungeon Crawl Stone Soup version 0.31.0-4-g52a2dc7128 (webtiles) character file.

Game seed: 15064722750400634888

457 Strat the Cutter (level 7, 0/37 HPs)
             Began as a Vine Stalker Necromancer on Jan 22, 2024.
             Was a Follower of Uskayaw.
             Succumbed to a hornet's poison
             ... on level 5 of the Dungeon.
             The game lasted 00:07:35 (4693 turns).

Strat the Cutter (Vine Stalker Necromancer)         Turns: 4693, Time: 00:07:35

Health: 0/37       AC:  7    Str: 12    XL:     7   Next: 6%
Magic:  1/11       EV: 10    Int: 15    God:    Uskayaw [*.....]
Gold:   246        SH:  0    Dex: 15    Spells: 9/10 levels left

rFire   . . .        d - +0 dagger
rCold   + . .        (no shield)
rNeg    . . .        o - +1 ring mail
rPois   +            (no helmet)
rElec   .            g - +0 cloak
rCorr   .            (no gloves)
SInv    .            (no boots)
Will    .....        t - amulet of regeneration
Stlth   +            k - ring of poison resistance
HPRegen 1.86/turn    u - ring of protection from cold
MPRegen 0.12/turn

%: guardian spirit
@: lethally poisoned (0 -> -1), hasted, very quick
A: fangs 2, regeneration 1, magic shield, antimagic bite, no potion heal 2
a: Renounce Religion, Stomp


You were on level 5 of the Dungeon.
You worshipped Uskayaw.
Uskayaw was noncommittal.
You visited 1 branch of the dungeon, and saw 5 of its levels.

You collected 246 gold pieces.

Inventory:

Hand Weapons
 d - a +0 dagger (weapon)
 l - a +0 rapier
Missiles
 w - a throwing net
Armour
 a - a +0 robe
 g - a +0 cloak (worn)
 o - a +1 ring mail (worn)
 r - a +4 chain mail
Jewellery
 k - a ring of poison resistance (left hand)
 n - a ring of flight
 t - an amulet of regeneration (around neck)
 u - a ring of protection from cold (right hand)
Wands
 m - a wand of flame (31)
Scrolls
 f - a scroll of vulnerability {unknown}
 h - a scroll of noise {unknown}
Potions
 b - 2 potions of magic
 c - 2 potions of curing
 j - a potion of brilliance {unknown}
 p - 3 potions of attraction {unknown}
 s - a potion of heal wounds {unknown}
 v - a potion of lignification {unknown}
 x - a potion of enlightenment {unknown}


   Skills:
 + Level 3.7 Fighting
 * Level 5.0 Short Blades
 - Level 1.5 Dodging
 - Level 2.4 Stealth
 - Level 2.1 Spellcasting
 - Level 4.0 Necromancy


You had 9 spell levels left.
You knew the following spells:

 Your Spells              Type           Power      Damage    Failure   Level
a - Necrotise             Necr           52%        1d6       10%         1

Your spell library contained the following spells:

 Spells                   Type           Power      Damage    Failure   Level
 Vampiric Draining        Necr           13%        2d6       28%         3
 Animate Dead             Necr           13%        N/A       67%         4
 Hailstorm                Conj/Ice       1%         3d5       83%         3
 Summon Ice Beast         Ice/Summ       1%         N/A       83%         3
 Curse of Agony           Necr           13%        N/A       95%         5
 Summon Forest            Summ/Tloc      0%         N/A       100%        5
 Summon Mana Viper        Hex/Summ       1%         N/A       100%        5
 Sculpt Simulacrum        Ice/Alch       0%         N/A       100%        6
 Summon Cactus Giant      Summ           0%         N/A       100%        6


Dungeon Overview and Level Annotations

Branches:
Dungeon (5/15)             Temple (0/1) D:5

Altars:
Dithmenos
Hepliaklqana
Uskayaw


Innate Abilities, Weirdness & Mutations

You have extremely sharp teeth.
Your natural rate of healing is unusually fast.
When hurt, damage is shared between your health and your magic reserves.
Your bite disrupts and absorbs the magic of your enemies.
Potions cannot restore your health.


Message History

The hornet is lightly wounded.
You miss the hornet.
The hornet is lightly wounded.
The hornet barely misses you.
You completely miss the hornet. Your bite misses the hornet.
The hornet is lightly wounded.
The hornet stings you.
* * * LOW HITPOINT WARNING * * *
You are poisoned.
You feel yourself slow down.
You hit the hornet but do no damage. Your bite misses the hornet.
The hornet is lightly wounded.
You feel sick. The hornet closely misses you.
You closely miss the hornet. You bite the hornet. You drain its power.
You feel invigorated.
The hornet is lightly wounded.
You feel sick. The hornet stings you.
* * * LOW HITPOINT WARNING * * *
You hit the hornet but do no damage. Your bite misses the hornet.
The hornet is lightly wounded.
You feel sick. The hornet closely misses you.
You hit the hornet.
The hornet is lightly wounded.
You feel yourself speed up.
You feel sick. The hornet stings you!
* * * LOW HITPOINT WARNING * * *
You hit the hornet but do no damage.
The hornet is lightly wounded.
You feel sick. The hornet stings you.
* * * LOW HITPOINT WARNING * * *
You are lethally poisoned!
You hit the hornet but do no damage.
The hornet is lightly wounded.
* * * LOW HITPOINT WARNING * * *
You feel sick.
The hornet stings you but does no damage.
You hit the hornet but do no damage. You bite the hornet. You drain its power.
You feel invigorated.
The hornet is moderately wounded.
You die...

.y.#.#.############.#
#.#
...#.#...........##.#
#.# ...#
###########.##.# #..
...# #.##[#
########## !....
#.##.####.........
##.###
#.##.............. .#
#.#######.######## ##
#y# #.# #.... #@# #.#
#.### #.# #.# #.#
#.#######.# #.###
#.........# #....
#########.# ##### ###


You could see a hornet.

Vanquished Creatures
  An ogre (D:4)
  A scorpion (D:4)
  2 hounds
  An iguana (D:5)
  Terence (D:3)
  5 gnolls (D:4)
  9 adders
  2 dart slugs
  5 orcs
  A ball python (D:2)
  3 endoplasms
  3 giant cockroaches
  5 goblins
  6 hobgoblins
  2 jackals (D:2)
  3 quokkas
  7 bats
  4 frilled lizards
  11 kobolds
  6 rats
78 creatures vanquished.

Notes
Turn   | Place    | Note
-------+----------+-------------------------------------------
     0 | D:1      | Strat the Vine Stalker Necromancer began the quest for the
                  | Orb.
     0 | D:1      | Reached XP level 1. HP: 9/9 MP: 4/4
   107 | D:1      | Reached skill level 1 in Fighting
   147 | D:1      | Reached XP level 2. HP: 14/14 MP: 3/6
   323 | D:1      | Reached skill level 1 in Short Blades
   536 | D:1      | Found a faded altar of an unknown god.
   875 | D:2      | Reached XP level 3. HP: 18/18 MP: 7/7
   996 | D:2      | Reached skill level 2 in Short Blades
  1000 | D:2      | Found a hazy altar of Hepliaklqana.
  1184 | D:2      | Reached XP level 4. HP: 21/23 MP: 8/8
  1500 | D:3      | Noticed Terence
  1538 | D:3      | Killed Terence
  1539 | D:3      | Reached skill level 3 in Short Blades
  1539 | D:3      | Reached XP level 5. HP: 6/27 MP: 1/9
  2086 | D:4      | Noticed an ogre
  2087 | D:4      | Found a shadowy altar of Dithmenos.
  2722 | D:4      | Killed an ogre
  2723 | D:4      | Reached skill level 4 in Short Blades
  2723 | D:4      | Reached XP level 6. HP: 17/32 MP: 5/10
  2951 | D:4      | Found a hide-covered altar of Uskayaw.
  3040 | D:4      | Became a worshipper of Uskayaw the Reveller
  3155 | D:4      | Reached * piety under Uskayaw
  3259 | D:5      | Entered Level 5 of the Dungeon
  3324 | D:5      | Noticed a hornet
  3325 | D:5      | Paralysed by a hornet for 2 turns
  3384 | D:5      | Reached ** piety under Uskayaw
  4009 | D:5      | Found a staircase to the Ecumenical Temple.
  4293 | D:5      | Reached skill level 5 in Short Blades
  4293 | D:5      | Reached XP level 7. HP: 37/37 MP: 9/11
  4691 | D:5      | HP: 1/37 [hornet (1)]
  4693 | D:5      | Succumbed to a hornet's poison

Illustrated notes

Levels and vault maps discovered:
D:1:      heliophobic_arrival_ceremonial_halls, layout_loops_ring,
          shapermc_ecumenical_altar_gd
D:2:      layout_rooms, basic_altar, kennysheep_generic_room_14
D:3:      layout_basic, uniq_terence
D:4:      layout_loops_ring, mainiacjoe_overflow_catwalk_spiral,
          minmay_goblin_kobold_house
D:5:      layout_basic, mainiacjoe_overflow_surrounded_room,
          minmay_temple_entry_hall

Skill      XL: |  1  2  3  4  5  6 |
---------------+-------------------+-----
Fighting       | 1 2 3 |  3.7
Short Blades   | 1 2 3 4 5 |  5.0
Dodging        | |  1.5
Stealth        | |  2.4
Spellcasting   | |  2.1
Necromancy     | |  4.0

Action                     |  1- 3 |  4- 6 |  7- 9 || total
---------------------------+-------+-------+-------++-------
  Melee: Unarmed           |    18 |       |       ||    18
         Dagger            |    95 |   354 |    59 ||   508
         Bite              |    25 |   111 |    16 ||   152
         Punch             |     1 |     6 |       ||     7
  Evoke: Wand              |       |     2 |     3 ||     5
    Use: Scroll            |       |    11 |     3 ||    14
         Potion            |       |       |     3 ||     3
   Stab: Sleeping          |     9 |     2 |       ||    11
 Armour: Robe              |    61 |    29 |       ||    90
         Ring mail         |       |   183 |    37 ||   220
  Dodge: Dodged            |    95 |   196 |    18 ||   309
